 Seeded DCSS version 0.29-a0-676-ga64570c9d2 (webtiles) character file.

Game seed: 11281427841516483749 (custom seed)

441 zeratav the Archer (level 7, 0/40 HPs)
             Began as a Tengu Hunter on June 24, 2022.
             Was an Initiate of Gozag.
             Slain by a water moccasin (3 damage)
             ... on level 4 of the Dungeon.
             The game lasted 00:05:18 (4124 turns).

zeratav the Archer (Tengu Hunter)                   Turns: 4124, Time: 00:05:19

Health: 0/40       AC:  3    Str: 11    XL:     7   Next: 2%
Magic:  8/8        EV: 14    Int:  9    God:    Gozag
Gold:   159        SH:  0    Dex: 20    Spells: 6/6 levels left

rFire   . . .      SeeInvis .   a - +1 shortbow {bow}
rCold   . . .      Faith    .   (shield currently unavailable)
rNeg    . . .      Spirit   .   b - +0 leather armour
rPois   .          Reflect  .   (helmet restricted)
rElec   .          Harm     .   (no cloak)
rCorr   .          Rampage  .   (no gloves)
Will    .....                   (boots unavailable)
Stlth   ++........              (no amulet)
HPRegen 0.13/turn               (no ring)
MPRegen 0.11/turn               (no ring)

@: lethally poisoned (0 -> -14), flying quickly and evasively, quick
A: beak, talons 3, nimble flight
a: Renounce Religion, Potion Petition, Call Merchant, Bribe Branch


You were on level 4 of the Dungeon.
You worshipped Gozag.
Gozag was aware of your devotion.
You visited 2 branches of the dungeon, and saw 6 of its levels.

You collected 227 gold pieces.
You paid 68 gold pieces to Gozag.


Innate Abilities, Weirdness & Mutations

You have a beak for a mouth.
You have claws for feet.
Your magical nature lets you fly swiftly and evasively.


   Skills:
 - Level 2.0 Fighting
 + Level 8.9 Bows
 - Level 2.1 Dodging
 - Level 1.0 Stealth


You had 6 spell levels left.
You didn't know any spells.
Your spell library contained the following spells:

 Spells                   Type           Power      Damage    Failure   Level
 Freeze                   Ice            0%         1d3       47%         1
 Blink                    Tloc           0%         N/A       63%         2
 Static Discharge         Conj/Air       0%         N/A       63%         2
 Frozen Ramparts          Ice            0%         1d2       85%         3
 Inner Flame              Hex/Fire       0%         N/A       85%         3
 Lesser Beckoning         Tloc           0%         N/A       85%         3
 Cause Fear               Hex            0%         N/A       99%         4
 Hailstorm                Conj/Ice       0%         3d3       99%         4
 Lightning Bolt           Conj/Air       0%         1d11      100%        5
 Manifold Assault         Tloc           0%         N/A       100%        5
 Discord                  Hex            0%         N/A       100%        8
 Maxwell's Capacitive Co  Air            0%         ∞         100%        8

Inventory:

Hand Weapons
 a - a +1 shortbow (weapon) {bow}
Armour
 b - a +0 leather armour (worn)
Wands
 p - a wand of flame (18)
   (You found it on level 5 of the Dungeon)
Scrolls
 c - a scroll of immolation {!r!r}
 d - 4 scrolls of identify {unknown}
 e - a scroll of magic mapping {unknown}
 g - a scroll of enchant armour {unknown}
 i - a scroll of fear {unknown}
 k - a scroll of amnesia {unknown}
 m - a scroll of teleportation {unknown}
 n - a scroll of enchant weapon {unknown}
Potions
 f - 2 potions of mutation {unknown}
 j - a potion of ambrosia {unknown}
 l - 2 potions of flight {unknown}
 o - a potion of brilliance {unknown}

Dungeon Overview and Level Annotations

Branches:
Dungeon (5/15) Zot: 25512  Temple (1/1) D:5 Zot: 5651

Altars:
Ashenzari
Cheibriados
Dithmenos
Elyvilon
Fedhas
Gozag
Hepliaklqana
Kikubaaqudgha
Makhleb
Nemelex Xobeh
Okawaru
Qazlal
Ru
Trog
Uskayaw
Vehumet
Wu Jian
Xom
Yredelemnul
Zin
The Shining One

Shops:
D:2

( #........## #......#...
#......#.#.##
##......#.....
...######....# ....#
#.##.# # ..(.##
#.##.########...
.....####.##..........##.
...#............@..$.....#
...##....(.###...S........
........................#
......#.###...<.........#
###.....#####.#.........#
#..........##......>....#
......##...###...<..)...#
_........### ##...>.....#
.........# #####....##


You could see a water moccasin.


Message History

You add the spells Blink, Lesser Beckoning and Manifold Assault to your library.
You shoot an arrow.
The arrow hits the water moccasin but does no damage.
You shoot an arrow.
The arrow closely misses the water moccasin.
You shoot an arrow. The arrow hits the water moccasin!
You shoot an arrow.
The arrow closely misses the water moccasin.
The water moccasin bites you but does no damage.
The water moccasin bites you.
You are poisoned.
The water moccasin poisons you!
HP[-2]
You take 2 damage, and now have 38/40 hp.
You shoot an arrow. The arrow hits the water moccasin.
You feel very sick. The water moccasin bites you!
You are lethally poisoned!
The water moccasin poisons you! The water moccasin barely misses you.
HP[-10]
You take 10 damage, and now have 28/40 hp.
MASSIVE DAMAGE!! (PAUSE)
You are too injured to fight recklessly!
Shoot: a) +1 shortbow {bow}
Press: ? - help, Q - select action, (/) - cycle Shift-Dir - straight line, f/p - water moccasin
Aim: a water moccasin (heavily wounded, 54% to hit)
You shoot an arrow. The arrow hits the water moccasin!
You feel extremely sick. The water moccasin misses you.
HP[-7]
You take 7 damage, and now have 21/40 hp.
Shoot: a) +1 shortbow {bow}
Press: ? - help, Q - select action, (/) - cycle Shift-Dir - straight line, f/p - water moccasin
Aim: a water moccasin (severely wounded, 54% to hit)
You shoot an arrow.
The arrow closely misses the water moccasin.
* * * LOW HITPOINT WARNING * * *
You feel very sick. The water moccasin misses you.
The water moccasin closely misses you.
HP[-6]
You take 6 damage, and now have 15/40 hp.
Shoot: a) +1 shortbow {bow}
Press: ? - help, Q - select action, (/) - cycle Shift-Dir - straight line, f/p - water moccasin
Aim: a water moccasin (severely wounded, 54% to hit)
You shoot an arrow.
The arrow closely misses the water moccasin.
* * * LOW HITPOINT WARNING * * *
You feel very sick.
The water moccasin barely misses you. x2
HP[-3]
You take 3 damage, and now have 12/40 hp.
It was a potion of curing.
You feel better. The water moccasin closely misses you.
HP[+5]
You regained 5 hp, and now have 17/40 hp.
Shoot: a) +1 shortbow {bow}
Press: ? - help, Q - select action, (/) - cycle Shift-Dir - straight line, f/p - water moccasin
Aim: a water moccasin (severely wounded, 54% to hit)
You shoot an arrow.
The arrow closely misses the water moccasin.
The water moccasin bites you.
* * * LOW HITPOINT WARNING * * *
The water moccasin bites you.
* * * LOW HITPOINT WARNING * * *
You are lethally poisoned!
The water moccasin poisons you!
HP[-9]
You take 9 damage, and now have 8/40 hp.
MASSIVE DAMAGE!! (PAUSE)
You feel better. The water moccasin bites you.
* * * LOW HITPOINT WARNING * * *
HP[-1]
You take 1 damage, and now have 7/40 hp.
Shoot: a) +1 shortbow {bow}
Press: ? - help, Q - select action, (/) - cycle Shift-Dir - straight line, f/p - water moccasin
Aim: a water moccasin (severely wounded, 54% to hit)
You shoot an arrow.
The arrow closely misses the water moccasin.
The water moccasin misses you.
HP[+1] Shoot: a) +1 shortbow {bow}
Press: ? - help, Q - select action, (/) - cycle Shift-Dir - straight line, f/p - water moccasin
Aim: a water moccasin (severely wounded, 54% to hit)
You shoot an arrow.
The arrow completely misses the water moccasin.
The water moccasin closely misses you. The water moccasin bites you.
* * * LOW HITPOINT WARNING * * *
HP[-4]
You take 4 damage, and now have 4/40 hp.
Shoot: a) +1 shortbow {bow}
Press: ? - help, Q - select action, (/) - cycle Shift-Dir - straight line, f/p - water moccasin
Aim: a water moccasin (severely wounded, 54% to hit)
You shoot an arrow.
The arrow closely misses the water moccasin.
The water moccasin bites you.
* * * LOW HITPOINT WARNING * * *
You are lethally poisoned!
The water moccasin poisons you! The water moccasin bites you.
You die...
Your body crumbles into a pile of gold.

Skill      XL: |  1  2  3  4  5 |
---------------+----------------+-----
Bows           | 5 6 7 8 |  8.9
Fighting       | |  2.0
Dodging        | |  2.1
Stealth        | |  1.0

Action                   |  1- 3 |  4- 6 |  7- 9 || total
-------------------------+-------+-------+-------++-------
 Fire: Shortbow          |    77 |   122 |    13 ||   212
  Use: Potion            |       |       |     2 ||     2
Armor: Leather armour    |    10 |     8 |     1 ||    19
Dodge: Dodged            |    19 |    35 |     9 ||    63

Levels and vault maps discovered:
D:1:      nzn_arrival_crosshair, layout_basic,
          dilly_ecumenical_altar_fadedgnrine
D:2:      layout_loops_ring, serial_shops, nicolae_shop_hallway_stairs,
          uniq_jessica
D:3:      layout_basic
D:4:      layout_rooms, grunt_temple_overflow_open, overflow_temple_1_default,
          minmay_liquid_box, uniq_menkaure
D:5:      layout_basic, minmay_temple_entry_offerings, grunt_ministairs_14
Temple:   dpeg_five_rooms_temple

Notes
Turn   | Place    | Note
-------+----------+-------------------------------------------
     0 | D:1      | zeratav the Tengu Hunter began the quest for the Orb.
     0 | D:1      | Reached XP level 1. HP: 12/12 MP: 2/2
     0 | D:1      | magus.rc [v1.9.6]
   360 | D:1      | Reached XP level 2. HP: 17/17 MP: 3/3
   728 | D:1      | Found a faded altar of an unknown god.
   734 | D:1      | Reached skill level 5 in Bows
  1115 | D:2      | Reached XP level 3. HP: 21/21 MP: 4/4
  1224 | D:2      | You pick up a book of Lightning and begin reading...
  1224 | D:2      | You add the spells Static Discharge, Lightning Bolt and
                  | Maxwell's Capacitive Coupling to your library.
  1229 | D:2      | Noticed Jessica
  1238 | D:2      | Killed Jessica
  1239 | D:2      | Reached skill level 6 in Bows
  1239 | D:2      | Reached XP level 4. HP: 26/26 MP: 5/5
  1539 | D:2      | Found Semp's Weapon Emporium.
  1756 | D:3      | You pick up a book of Frost and begin reading...
  1756 | D:3      | You add the spells Freeze, Frozen Ramparts and Hailstorm to
                  | your library.
  2178 | D:4      | Noticed a water moccasin
  2181 | D:5      | Entered Level 5 of the Dungeon
  2181 | D:5      | Noticed a phantom
  2192 | D:5      | HP: 6/26 [phantom (5)]
  2195 | D:5      | Killed a phantom
  2196 | D:5      | Reached skill level 7 in Bows
  2196 | D:5      | Gained mutation: Your magical nature lets you fly swiftly
                  | and evasively. [Tengu growth]
  2196 | D:5      | Reached XP level 5. HP: 6/30 MP: 6/6
  2644 | D:5      | Noticed a phantom
  2709 | D:5      | Found a staircase to the Ecumenical Temple.
  2714 | Temple   | Entered the Ecumenical Temple
  3062 | Temple   | Became a worshipper of Gozag Ym Sagoz the Greedy
  3241 | D:5      | Killed a phantom
  3242 | D:5      | Reached skill level 8 in Bows
  3242 | D:5      | Reached XP level 6. HP: 31/35 MP: 7/7
  3459 | D:5      | You pick up a book of Hexes and begin reading...
  3459 | D:5      | You add the spells Inner Flame, Cause Fear and Discord to
                  | your library.
  4018 | D:4      | Found an ornate altar of the Wu Jian Council.
  4021 | D:4      | Found a snail-covered altar of Cheibriados.
  4078 | D:4      | Reached XP level 7. HP: 40/40 MP: 8/8
  4081 | D:4      | Found an iron altar of Okawaru.
  4108 | D:4      | You pick up a book of Spatial Translocations and begin
                  | reading...
  4108 | D:4      | You add the spells Blink, Lesser Beckoning and Manifold
                  | Assault to your library.
  4120 | D:4      | HP: 8/40 [water moccasin (4)]
  4124 | D:4      | HP: 3/40 [water moccasin (1)]
  4124 | D:4      | Slain by a water moccasin

Vanquished Creatures
  2 phantoms (D:5)
  A necrophage (D:5)
  A hound (D:5)
  2 iguanas (D:5)
  Jessica (D:2)
  4 adders
  A worm (D:4)
  2 dart slugs
  9 orcs
  5 ball pythons
  An endoplasm (D:1)
  A giant cockroach (D:2)
  2 goblins
  A hobgoblin (D:2)
  4 jackals (D:2)
  7 quokkas
  5 bats
  3 frilled lizards
  12 kobolds
  2 rats (D:2)
66 creatures vanquished.

Table legend:
 A = Non-vault XP
 B = Vault XP
 C = Vault XP percentage of total XP
 D = Non-vault monster count
 E = Vault monster count
 F = Vault count percentage of total count
                 A         B        C        D         E       F
            +---------+---------+-------+---------+---------+-------
      Total |     550 |      80 |  12.7 |      63 |       3 |   4.5
            +---------+---------+-------+---------+---------+-------
        D:1 |      19 |       0 |   0.0 |      12 |       0 |   0.0
        D:2 |      52 |      37 |  41.6 |      24 |       1 |   4.0
        D:3 |      29 |       0 |   0.0 |      12 |       0 |   0.0
        D:4 |      21 |       0 |   0.0 |       4 |       0 |   0.0
        D:5 |     429 |      43 |   9.1 |      11 |       2 |  15.4
            +---------+---------+-------+---------+---------+-------

Illustrated notes

Table legend:
 A = Kills in this place as a percentage of kills in entire the game.
 B = Kills by you in this place as a percentage of kills by you in the entire game.
 C = Kills by friends in this place as a percentage of kills by friends in the entire game.
 D = Other kills in this place as a percentage of other kills in the entire game.
 E = Experience gained in this place as a percentage of experience gained in the entire game.
 F = Experience gained in this place divided by the number of levels of this place that you have seen.
                   A       B       C       D       E      F
               +-------+-------+-------+-------+-------+----------------------
         Total | 100.0 | 100.0 |   N/A |   N/A | 100.0 | 105.0
       Dungeon | 100.0 | 100.0 |   N/A |   N/A | 100.0 | 126.0
               +-------+-------+-------+-------+-------+----------------------

Table legend: (Time is in decaauts)
 A = Elapsed time spent in this place.
 B = Non-inter-level travel time spent in this place.
 C = Inter-level travel time spent in this place.
 D = Time resting spent in this place.
 E = Time spent auto-exploring this place.
 F = Levels seen in this place.
 G = Mean time per level.
                   A        B        C        D        E       F      G
               +--------+--------+--------+--------+--------+-----+--------+
         Total |   4047 |   3749 |    298 |    623 |   2429 |   6 |  674.5 |
       Dungeon |   3699 |   3476 |    223 |    623 |   2166 |   5 |  739.8 |
        Temple |    348 |    274 |     74 |      0 |    262 |   1 |  348.0 |
               +--------+--------+--------+--------+--------+-----+--------+

Top non-repeatable levels by time:
     D:5: 1380 daAuts
     D:1: 947 daAuts
     D:2: 870 daAuts
     D:3: 392 daAuts
  Temple: 348 daAuts
     D:4: 108 daAuts
